 Dungeon Crawl Stone Soup version 0.30.1-4-g462c640d31 (webtiles) character file.

Game seed: 17262971457363483840

634 Heoruswealwe the Magician (level 7, -3/36 HPs)
             Began as a Deep Elf Conjurer on Aug 15, 2023.
             Was an Initiate of Vehumet.
             Slain by Duvessa
             ... wielding a +0 rapier
              (16 damage)
             ... on level 5 of the Dungeon.
             The game lasted 00:40:56 (4141 turns).

Heoruswealwe the Magician (Deep Elf Conjurer)       Turns: 4141, Time: 00:40:57

Health: -3/36      AC:  5    Str:  4    XL:     7   Next: 25%
Magic:  20/20      EV: 12    Int: 25    God:    Vehumet [......]
Gold:   19         SH:  0    Dex: 13    Spells: 7/21 levels left

rFire   . . .        b - +2 long sword (holy)
rCold   . . .        (no shield)
rNeg    . . .        c - +0 robe
rPois   .            (no helmet)
rElec   .            (no cloak)
rCorr   .            (no gloves)
SInv    +            e - +2 pair of boots
Will    .....        (no amulet)
Stlth   +            k - ring of wizardry
HPRegen 0.26/turn    j - ring of see invisible
MPRegen 0.17/turn

%: wizardry (x1)
@: lit by a corona, glowing
A: no striking features
a: Renounce Religion


You were on level 5 of the Dungeon.
You worshipped Vehumet.
Vehumet was noncommittal.
You visited 2 branches of the dungeon, and saw 6 of its levels.

You collected 279 gold pieces.
You spent 260 gold pieces at shops.

Inventory:

Hand Weapons
 b - a +2 long sword of holy wrath (weapon)
Armour
 c - a +0 robe (worn)
 e - a +2 pair of boots (worn)
 h - a +0 robe
 i - a +0 robe
 A - a scarf of invisibility
 C - a +0 robe
 D - a +0 robe
 E - a +0 robe
Jewellery
 j - a ring of see invisible (right hand)
 k - a ring of wizardry (left hand)
 o - a ring of fire
 w - a ring of positive energy
Scrolls
 f - 3 scrolls of teleportation
 l - 2 scrolls of fog
 m - 2 scrolls of enchant armour
 y - a scroll of enchant weapon
 z - a scroll of blinking
Potions
 a - 2 potions of ambrosia {unknown}
 d - a potion of haste {unknown}
 g - a potion of might {unknown}
 n - 2 potions of curing {unknown}
 p - 2 potions of flight {unknown}
 q - a potion of resistance {unknown}
 r - 2 potions of berserk rage {unknown}
 s - a potion of heal wounds
 t - a potion of cancellation {unknown}
 u - a potion of mutation {unknown}
 B - a potion of degeneration {unknown}


   Skills:
 - Level 2.4 Dodging
 - Level 2.4 Stealth
 + Level 7.9 Spellcasting
 + Level 7.5 Conjurations


You had 7 spell levels left.
You knew the following spells:

 Your Spells              Type           Power      Damage    Failure   Level
a - Magic Dart            Conj           100%       1d8       1%          1
b - Searing Ray           Conj           94%        2d7       1%          2
c - Dazzling Flash        Conj/Hex       56%        N/A       1%          3
d - Fulminant Prism       Conj/Hex       14%        3d9       5%          4
e - Iskenderun's Mystic   Conj/Tloc      28%        2d7       5%          4

Your spell library contained the following spells:

 Spells                   Type           Power      Damage    Failure   Level
 Summon Small Mammal      Summ           36%        N/A       2%          1
 Call Canine Familiar     Summ           9%         N/A       8%          3
 Summon Guardian Golem    Hex/Summ       9%         N/A       8%          3


Dungeon Overview and Level Annotations

Branches:
Dungeon (5/15)             Temple (1/1) D:4

Altars:
Ashenzari
Cheibriados
Dithmenos
Fedhas
Gozag
Hepliaklqana
Makhleb
Okawaru
Ru
Sif Muna
Trog
Uskayaw
Vehumet
Wu Jian
Xom
Yredelemnul
Zin
The Shining One

Shops:
D:4 ?[:!!

Annotations:
D:5 Duvessa


Message History

Vehumet accepts your kill.
You hear a distant scream of rage. (Press . to maintain the ray.)
You feel sick.
Casting: Searing Ray (safe; 1% risk of failure)
Confirm with . or Enter, or press ? or * to list all spells.
Aiming: Magic Dart (safe; 1% risk of failure)
Press: ? - help, Shift-Dir - straight line, f - Duvessa
Aim: Duvessa, wielding a +0 rapier and wearing a +0 leather armour (wandering, hasn't noticed you, 100% to hit)
The magic dart hits Duvessa.
Duvessa is lightly wounded.
You feel sick.
Duvessa goes berserk!
You feel sick.
Casting: Magic Dart (safe; 1% risk of failure)
Confirm with . or Enter, or press ? or * to list all spells.
Aiming: Searing Ray (safe; 1% risk of failure)
Press: ? - help, Shift-Dir - straight line, f/p - Duvessa
Aim: Duvessa, wielding a +0 rapier and wearing a +0 leather armour (lightly wounded, berserk, 84% to hit)
The searing ray hits Duvessa!
Duvessa is moderately wounded. (Press . to maintain the ray.)
The ufetubus shouts!
You feel sick.
The searing ray hits Duvessa but does no damage.
Duvessa is moderately wounded.
You feel sick.
You are no longer poisoned.
Casting: Searing Ray (safe; 1% risk of failure)
Confirm with . or Enter, or press ? or * to list all spells.
The spell is quite dangerous to miscast (5% risk of failure)!
Continue anyway?
You erupt in a blast of force!
The mystic blast hits Duvessa!
Duvessa is heavily wounded.
Duvessa is knocked back by the mystic blast.
Magic courses through your body. The ufetubus misses you.
The ufetubus hits you but does no damage.
The ufetubus hits you but does no damage.
The ufetubus closely misses you. The ufetubus barely misses you.
The ufetubus hits you. Duvessa hits you with a +0 rapier!
You die...

... #......>..###.........
.#..#.......>..#..........
....#.....................
#.........)..........<....
#.........................
#..<...............#...
#...†...........)#...
###.5e)....##.#...###.
#....@.....##.#..).##.
##.....###.#......†...
#........#.##.#.......
###..##.......#....#..
#.......#...#......#..
##....###..###.....##.
#...## ##...#.....##.
...... .............
.#.... ..#...........


You could see Duvessa (berserk) and an ufetubus.

Vanquished Creatures
  Sigmund (D:2)
  A bullfrog (D:4)
  A scorpion (D:5)
  Dowan (D:5)
  A hound (D:4)
  2 orc priests
  An orc wizard (D:4)
  8 adders
  2 worms (D:2)
  8 orcs
  14 ball pythons
  6 endoplasms
  6 giant cockroaches
  11 goblins
  16 hobgoblins
  4 jackals (D:3)
  9 kobolds
  2 quokkas
  4 bats
  3 frilled lizards
  6 rats
107 creatures vanquished.

Notes
Turn   | Place    | Note
-------+----------+-------------------------------------------
     0 | D:1      | Heoruswealwe the Deep Elf Conjurer began the quest for the
                  | Orb.
     0 | D:1      | Reached XP level 1. HP: 10/10 MP: 6/6
   194 | D:1      | Reached XP level 2. HP: 15/15 MP: 2/8
   197 | D:1      | Learned a level 2 spell: Searing Ray
   230 | D:1      | Found a faded altar of an unknown god.
   830 | D:2      | Reached skill level 5 in Conjurations
   830 | D:2      | Reached XP level 3. HP: 11/19 MP: 4/10
   927 | D:2      | Learned a level 3 spell: Dazzling Flash
  1014 | D:2      | Noticed Sigmund
  1020 | D:2      | Killed Sigmund
  1021 | D:2      | Reached XP level 4. HP: 18/24 MP: 1/14
  1021 | D:2      | Reached XP level 5. HP: 21/28 MP: 1/15
  1179 | D:2      | Learned a level 4 spell: Fulminant Prism
  1184 | D:2      | Learned a level 4 spell: Iskenderun's Mystic Blast
  1606 | D:3      | Found a sacrificial altar of Ru.
  1777 | D:3      | Reached XP level 6. HP: 32/32 MP: 13/17
  2110 | D:3      | Found a hide-covered altar of Uskayaw.
  2399 | D:2      | You fall into a shaft and drop 2 floors!
  2399 | D:4      | Found a staircase to the Ecumenical Temple.
  2418 | Temple   | Entered the Ecumenical Temple
  2463 | Temple   | Became a worshipper of Vehumet
  3433 | D:4      | Found Atet's Antique Armour Emporium.
  3437 | D:4      | Bought a pair of embroidered boots for 202 gold pieces
  3437 | D:4      | Bought a robe for 18 gold pieces
  3437 | D:4      | Bought a robe for 18 gold pieces
  3684 | D:4      | Found Agycvuwn's Magic Scroll Boutique.
  3690 | D:4      | Bought a scroll of identify for 22 gold pieces
  3713 | D:4      | Found Ysucas's Book Shop.
  3880 | D:4      | Found Cisuhyegg's Distillery.
  3954 | D:4      | Found Huxeolol's Distillery.
  4001 | D:5      | Entered Level 5 of the Dungeon
  4009 | D:5      | Reached XP level 7. HP: 26/36 MP: 10/19
  4117 | D:5      | Noticed Dowan
  4119 | D:5      | Noticed Duvessa
  4133 | D:5      | Killed Dowan
  4141 | D:5      | Slain by Duvessa

Illustrated notes

Levels and vault maps discovered:
D:1:      psy_arrival_fountain, layout_basic,
          shapermc_ecumenical_altar_acropolis, minmay_pentomino_z2
D:2:      layout_loops_ring, uniq_sigmund
D:3:      minmay_recursive_quarters, layout_basic,
          nicolae_ru_sacrificial_ziggurat, mainiacjoe_overflow_chevrons,
          kennysheep_decorative_pillar, dk_noncrumbling_4,
          minmay_misc_feat_rows, roderic_roman_lattice,
          amcnicky_mini_rare_corridor_liquid
D:4:      layout_basic, minmay_temple_entry_offerings, serial_shops, shop,
          nicolae_lakefront_shop, shop, kennysheep_mini_moat, shop_statue,
          nrook_uturn, minmay_goblin_outpost
D:5:      layout_cave_pools, uniq_duvessa
Temple:   nicolae_temple_bog_church

Skill      XL: |  1  2  3  4  5  6 |
---------------+-------------------+-----
Spellcasting   | 4 6 7 |  7.9
Conjurations   | 5 6 7 |  7.5
Dodging        | |  2.4
Stealth        | |  2.4

Action                     |  1- 3 |  4- 6 |  7- 9 || total
---------------------------+-------+-------+-------++-------
  Melee: Unarmed           |    24 |     1 |       ||    25
         Long sword        |       |   494 |       ||   494
         Punch             |       |    14 |       ||    14
   Cast: Magic Dart        |    49 |   109 |    11 ||   169
         Searing Ray       |     3 |     7 |     3 ||    13
         Iskenderun's Myst |       |       |     1 ||     1
    Use: Potion            |     1 |       |     1 ||     2
         Scroll            |       |     8 |       ||     8
 Armour: Robe              |       |     6 |     2 ||     8
  Dodge: Dodged            |    13 |    15 |     8 ||    36
